 Dungeon Crawl Stone Soup version 0.28.0-53-g5a82cb258f (webtiles) character file.

Game seed: 6968473469995434882

221 issech the Skirmisher (level 5, -6/48 HPs)
             Began as a Minotaur Monk on June 3, 2022.
             Killed by divine providence
             ... invoked by an orc priest
              (15 damage)
             ... on level 4 of the Dungeon.
             The game lasted 00:07:21 (3212 turns).

issech the Skirmisher (Minotaur Monk)               Turns: 3212, Time: 00:07:21

Health: -6/48      AC: 11    Str: 23    XL:     5   Next: 65%
Magic:  22/22      EV:  9    Int:  4    God:
Gold:   128        SH:  0    Dex: 14    Spells: 4/4 levels left

rFire   x . .      SeeInvis .   s - +1 short sword (holy)
rCold   + + +      Faith    .   (no shield)
rNeg    . . .      Spirit   .   f - +0 chain mail
rPois   .          Reflect  .   (helmet restricted)
rElec   .          Harm     .   m - +0 cloak
rCorr   .          Rampage  .   v - +0 pair of gloves
Will    .....                   (no boots)
Stlth   ..........              (no amulet)
HPRegen 0.16/turn               l - ring "Ikhacko" {+Blink rF- rC+++ MP+9 Str+7 Int-3}
MPRegen 0.18/turn               c - ring of magical power

@: no status effects
A: horns 2, retaliatory headbutt
a: Evoke Blink


You were on level 4 of the Dungeon.
You visited 1 branch of the dungeon, and saw 4 of its levels.

You collected 128 gold pieces.

Inventory:

Hand Weapons
 a - a +0 hand axe
 b - a +0 hunting sling
 n - a +2 quarterstaff of chaos
 s - a +1 short sword of holy wrath (weapon)
Missiles
 d - 34 stones (quivered)
 g - 72 arrows
 i - 6 poisoned darts
 p - 23 sling bullets
 q - 17 bolts
 t - 6 boomerangs
Armour
 f - a +0 chain mail (worn)
 m - a +0 cloak (worn)
 v - a +0 pair of gloves (worn)
Magical Staves
 u - a staff of death
Jewellery
 c - a ring of magical power (right hand)
 l - the ring "Ikhacko" (left hand) {+Blink rF- rC+++ MP+9 Str+7 Int-3}
   (You found it on level 2 of the Dungeon)

   [ring of magical power]

   Str:       It affects your strength (+7).
   Int:       It affects your intelligence (-3).
   rF:        It makes you vulnerable to fire.
   rC:        It renders you almost immune to cold.
   MP:        It affects your magic capacity (+9).
   +Blink:    It lets you blink.
Scrolls
 h - a scroll of teleportation {unknown}
 j - 2 scrolls of immolation {unknown}
 k - 2 scrolls of identify {unknown}
 o - a scroll of fear {unknown}
 r - a scroll of amnesia {unknown}
Potions
 e - 5 potions of heal wounds {unknown}
 w - a potion of might {unknown}


   Skills:
 + Level 5.0 Fighting
 + Level 0.3 Short Blades
 + Level 4.5 Axes
 + Level 1.2 Staves
 + Level 3.3 Armour
 + Level 4.1 Dodging
 + Level 1.8 Stealth


You had 4 spell levels left.
You didn't know any spells.
Your spell library contained the following spells:

 Spells                   Type           Power      Damage    Failure   Level
 Ensorcelled Hibernation  Hex/Ice        0%         N/A       100%        2
 Passwall                 Tmut/Erth      0%         N/A       100%        2
 Swiftness                Air            0%         N/A       100%        3


Dungeon Overview and Level Annotations

Branches:
Dungeon (4/15)
 Temple: D:4-7

Altars:
Ashenzari
Vehumet

Shops:
D:2 [   D:3 !

Annotations:
D:4 Sigmund


Innate Abilities, Weirdness & Mutations

You have a pair of horns on your head.
You reflexively headbutt those who attack you in melee.


Message History

You headbutt the adder skeleton!
You destroy the adder skeleton!
HP restored.
You open the door.
Found a radiant altar of Vehumet.
There is an open door here.
You now have 128 gold pieces (gained 8).
You open the door.
There is a radiant altar of Vehumet here.
You open the door.
There is an open door here.
You open the door.
There is an open door here.
There is a radiant altar of Vehumet here.
There is an open door here.
Found a stone staircase leading down.
An orc priest comes into view. It is wielding a +0 club.
The orc priest shouts!
You hear a shout!
The orc priest invokes the aid of Beogh against you.
Pain shoots through your body!
The orc priest mumbles some strange prayers to Beogh against you.
Beogh smites you!
You hear a shout!
You puncture the orc priest!
The orc priest is heavily wounded.
The orc priest calls down the wrath of Beogh upon you.
Beogh smites you!
* * * LOW HITPOINT WARNING * * *
You hit the orc priest.
The orc priest is heavily wounded.
The orc priest hits you but does no damage.
You hit the orc priest.
The orc priest is severely wounded.
The orc priest hits you but does no damage.
A quokka comes into view.
You hit the orc priest but do no damage.
The orc priest is severely wounded.
The orc priest invokes the aid of Beogh against you.
Beogh smites you!
You die...

#...# . #...# .####
#...# >..# #...# #
#.####...######
#.#####..............
.....................
#r##o##..............
#...@...####...######
##.#.#### #...# # #.#
#...# ..# #...#
.#########...#### ##
#..<..........#
#.†###....#.#.###
#..###....#.#....
#####........#..#..##


You could see an orc priest and a quokka.

Vanquished Creatures
  Crazy Yiuf (D:2)
  An orc priest (D:3)
  An iguana (D:4)
  3 gnolls (D:3)
  2 adders
  An adder skeleton (D:4)
  A worm (D:3)
  3 dart slugs
  8 orcs (D:3)
  7 bats
  2 endoplasms (D:1)
  2 giant cockroaches
  3 goblins
  4 hobgoblins
  3 jackals (D:1)
  6 quokkas
  9 ball pythons
  2 frilled lizards
  6 kobolds
  6 rats
71 creatures vanquished.

Notes
Turn   | Place    | Note
-------+----------+-------------------------------------------
     0 | D:1      | issech the Minotaur Monk began the quest for the Orb.
     0 | D:1      | Reached XP level 1. HP: 19/19 MP: 0/0
   289 | D:1      | Reached XP level 2. HP: 27/27 MP: 1/1
   562 | D:1      | Reached skill level 4 in Fighting
   913 | D:1      | Found a faded altar of an unknown god.
   929 | D:1      | Reached XP level 3. HP: 30/33 MP: 2/2
  1000 | D:2      | Found a broken altar of Ashenzari.
  1154 | D:2      | Found Barphuwy's Armour Boutique.
  1265 | D:2      | Identified the ring "Ikhacko" {+Blink rF- rC+++ MP+9 Str+7
                  | Int-3}
  1543 | D:2      | Found a runed translucent door.
  1544 | D:2      | Noticed Crazy Yiuf
  1552 | D:2      | Killed Crazy Yiuf
  1553 | D:2      | Reached skill level 1 in Armour
  1553 | D:2      | Reached XP level 4. HP: 30/41 MP: 3/3
  1991 | D:3      | Found Ocihanor's Distillery.
  2048 | D:3      | Reached XP level 5. HP: 20/47 MP: 4/4
  2821 | D:4      | Noticed Sigmund
  2947 | D:4      | Reached skill level 1 in Staves
  2984 | D:4      | Reached skill level 5 in Fighting
  3140 | D:4      | Found a radiant altar of Vehumet.
  3212 | D:4      | Killed from afar by an orc priest

Illustrated notes

Levels and vault maps discovered:
D:1:      minmay_arrival_plants_in_alcoves, layout_basic,
          chequers_ecumenical_altar_island, minmay_crystal_room
D:2:      layout_basic, serial_shops, shop, basic_altar, uniq_crazy_yiuf_cottage
D:3:      layout_rooms, serial_shops, shop_statue, interstate_on_off
D:4:      layout_loops_cross, nicolae_vehumet_altar_sigil,
          lemuel_mausoleum_altar_yredelemnul, serial_shops,
          nicolae_shop_behind_doors, chequers_serial_rivers_micro_d,
          kennysheep_generic_room_15, uniq_sigmund

Skill      XL: |  1  2  3  4  5 |
---------------+----------------+-----
Fighting       | 4 5 |  5.0
Axes           | 4 |  4.5
Dodging        | 4 |  4.1
Armour         | 1 2 3 |  3.3
Staves         | 1 |  1.2
Short Blades   | |  0.3
Stealth        | |  1.8

Action                   |  1- 3 |  4- 6 || total
-------------------------+-------+-------++-------
Melee: Hand axe          |    79 |       ||    79
       Headbutt          |    14 |    12 ||    26
       Quarterstaff      |       |    40 ||    40
       Short sword       |       |    43 ||    43
       Punch             |       |     1 ||     1
Throw: Stone             |       |     1 ||     1
Armor: Robe              |     1 |       ||     1
       Chain mail        |    50 |    64 ||   114
Dodge: Dodged            |    43 |    48 ||    91
